 Dungeon Crawl Stone Soup version 0.31.0-12-g77e489cdc1 (webtiles) character file.

Game seed: 8487695354425685798

50 Silvore the Ducker (level 3, -2/20 HPs)
             Began as a Felid Monk on Feb 18, 2024.
             Splashed by a jelly's acid (10 damage)
             ... on level 2 of the Dungeon.
             The game lasted 00:03:38 (1670 turns).

Silvore the Ducker (Felid Monk)                     Turns: 1670, Time: 00:03:38

Health: -2/20      AC: -3    Str:  7    XL:     3   Next: 55%
Magic:  4/4        EV: 20    Int: 13    God:
Gold:   126        SH:  0    Dex: 20    Spells: 2/2 levels left
                                        Lives:  0   Deaths: 1

rFire   . .          .
                       - Unarmed
rCold   . . .        (shield unavailable)
rNeg    . . .        (body armour unavailable)
rPois   .            (helmet unavailable)
rElec   .            (cloak unavailable)
rCorr   .            (gloves unavailable)
SInv    +            (boots unavailable)
Will    .....        (no amulet)
Stlth   +            (no ring)
HPRegen 0.23/turn    (no ring)
MPRegen 0.09/turn

%: no passive effects
@: confused, ambrosia-drunk, corroded
A: very small, claws 1, fangs 3, see invisible, shaggy fur 1, stealthy paws, no
weapons or thrown items, no armour, multi-lived
a: no special abilities


You were on level 2 of the Dungeon.
You visited 1 branch of the dungeon, and saw 2 of its levels.

You collected 126 gold pieces.

Inventory:

Scrolls
 b - a scroll of teleportation {unknown}
 d - a scroll of fear {unknown}
Potions
 c - 2 potions of enlightenment {unknown}


   Skills:
 + Level 3.3 Fighting
 + Level 4.7 Dodging
 * Level 1.7 Stealth
 + Level 3.6 Unarmed Combat


You had 2 spell levels left.
You didn't know any spells.
Your spell library was empty.

Dungeon Overview and Level Annotations

Branches:
Dungeon (2/15)

Altars:

Shops:
D:2 *:(*:


Innate Abilities, Weirdness & Mutations

You have sharp claws.
You have razor-sharp teeth.
You have supernaturally acute eyesight. (SInv)
You are covered in fur. (AC +1)
Your paws help you pounce on unaware monsters.
You are incapable of wielding weapons or throwing items.
You cannot wear armour.
You gain extra lives every three experience levels.


Message History

No target in view!
You now have 108 gold pieces (gained 17).
Found 2 poisoned darts.
Found a ring mail and a war axe.
You see here a +0 war axe.
Found Jeeptite's Assorted Antiques.
Found a stone staircase leading down.
c - 2 pink potions (gained 1)
You now have 126 gold pieces (gained 18).
There is an entrance to Jeeptite's Assorted Antiques here.
A jelly comes into view.
The jelly quivers.
You scratch the jelly. The acid corrodes you!
Your paws burn!
The jelly is lightly wounded.
The jelly barely misses you.
You scratch the jelly.
Your paws burn!
You claw the jelly.
The jelly is lightly wounded.
The jelly misses you.
You scratch the jelly but do no damage.
Your paws burn!
The jelly is lightly wounded.
The jelly hits you.
You are splashed with acid!
* * * LOW HITPOINT WARNING * * *
You completely miss the jelly. You bite the jelly.
The jelly is lightly wounded.
The jelly misses you.
You scratch the jelly.
Your paws burn!
* * * LOW HITPOINT WARNING * * *
You bite the jelly.
The jelly is heavily wounded.
The jelly completely misses you.
Unknown command.
You are confused.
You feel invigorated. The jelly misses you. The jelly closely misses you.
You scratch the jelly but do no damage.
Your paws burn!
* * * LOW HITPOINT WARNING * * *
The jelly is heavily wounded.
The jelly hits you.
You are splashed with acid!
Ouch! That really hurt!
You die...

..........##..<......# #.........
......>...##.........# #.........
####......##.........# #.........
..........##.........# #.........
#.##.#.#.###..<......# #######+##
.......#.###.........# #######.#
..##.................# #.......#
..##.................# ##.###..#
..##............@∩...# #.###..##
∩.##########....J....####.##.....
..# ##########.....##...## ###
#.######...# #.#...##...#
#.#.#.##...# #.#........#
####.###.###..# ##
#........#....##


You could see a jelly.

Vanquished Creatures
  An adder (D:2)
  4 dart slugs
  7 ball pythons
  2 bats (D:2)
  An endoplasm (D:1)
  A giant cockroach (D:2)
  2 goblins
  4 hobgoblins
  3 kobolds
  3 frilled lizards
  3 rats
31 creatures vanquished.

Notes
Turn   | Place    | Note
-------+----------+-------------------------------------------
     0 | D:1      | Silvore the Felid Monk began the quest for the Orb.
     0 | D:1      | Reached XP level 1. HP: 12/12 MP: 2/2
   206 | D:1      | Reached XP level 2. HP: 16/16 MP: 3/3
   960 | D:2      | Found Yzeis's Book Shoppe.
   986 | D:2      | Found Hostraor's Book Shop.
  1018 | D:2      | Reached skill level 1 in Stealth
  1018 | D:2      | Constricted to death by a ball python
  1018 | D:2      | Lost a life (0 lives remaining)
  1057 | D:2      | Reached XP level 3. HP: 18/20 MP: 4/4
  1079 | D:2      | Found Qila's Weapon Boutique.
  1088 | D:2      | Found Bewkytio's General Store.
  1305 | D:2      | Found a faded altar of an unknown god.
  1590 | D:2      | Found Jeeptite's Assorted Antiques.
  1667 | D:2      | HP: 1/20 [acid (2)]
  1670 | D:2      | Splashed by a jelly's acid

Illustrated notes

Levels and vault maps discovered:
D:1:      mainiacjoe_arrival_oval_in_oval, layout_basic, due_unseen_surprise
D:2:      layout_basic, serial_shops, shop, shop, shop, shop_statue, shop,
          nicolae_ecumenical_snake_handling, nicolae_the_louvre

Skill      XL: |  1  2 |
---------------+-------+-----
Stealth        | 1 |  1.7
Fighting       | |  3.3
Dodging        | |  4.7
Unarmed Combat | |  3.6

Action                     || total
---------------------------++-------
  Melee: Unarmed           ||    92
         Bite              ||    14
         Punch             ||     2
    Use: Potion            ||     2
         Scroll            ||     1
   Stab: Sleeping          ||     1
         Distracted        ||     1
 Armour: Skin              ||    23
  Dodge: Dodged            ||   110
